 Dungeon Crawl Stone Soup version 0.17-a0-1195-g0639cb0 (webtiles) character file.

329 Chiseanne the Magician (level 6, -3/61 HPs)
             Began as a Demonspawn Wizard on June 2, 2015.
             Slain by a centaur (4 damage)
             ... on level 5 of the Dungeon.
             The game lasted 00:13:37 (5718 turns).

Chiseanne the Magician (Demonspawn Wizard)          Turns: 5718, Time: 00:13:37

Health: -3/61      AC: 23    Str:  7    XL:     6   Next: 25%
Magic:  13/14      EV:  2    Int: 22    God:
Gold:   141        SH:  0    Dex: 11    Spells: 5 memorised, 6 levels left

rFire  . . .     SeeInvis .     a - +2 whip (venom)
rCold  . . .     Clarity  .     (armour currently unavailable)
rNeg   + + +     SustAt   .     (no shield)
rPois  +         Gourm    .     (helmet currently unavailable)
rElec  .         Spirit   .     (cloak currently unavailable)
rCorr  .         Warding  .     (gloves currently unavailable)
rMut   .         NoTele   +     (boots currently unavailable)
MR     .....                    (no amulet)
Stlth  ++........               (no ring)
                                (no ring)

@: tree-form, very slightly contaminated, hasted, repel missiles, very quick,
not resistant to hostile enchantments, unstealthy
A: (talons 0), (thin metallic scales 0), (cold resistance 0), powered by death 1
a: no special abilities


You were on level 5 of the Dungeon.
You were hungry.
You were a tree.
You visited 1 branch of the dungeon, and saw 5 of its levels.

You collected 141 gold pieces.

Inventory:

Hand weapons
 a - a +2 whip of venom (weapon)
 s - a +3 falchion
Missiles
 g - a throwing net (quivered)
 j - 23 sling bullets
Armour
 i - a +1 helmet (melded)
 o - a +0 robe (melded)
Magical staves
 k - an uncursed staff of energy
Magical devices
 b - a wand of hasting (1)
Scrolls
 t - a scroll of amnesia
 u - 2 scrolls of remove curse
Potions
 e - 2 potions of lignification
 m - a potion of flight {unknown}
 w - 3 potions of poison {unknown}
Books
 c - a book of Minor Magic

   Spells                             Type                      Level
   a - Magic Dart                     Conjuration                  1
   b - Blink                          Translocation                2
   c - Call Imp                       Summoning                    2
   d - Repel Missiles                 Charms/Air                   2
   e - Slow                           Hexes                        2
   f - Conjure Flame                  Conjuration/Fire             3
   g - Mephitic Cloud                 Conjuration/Poison/Air       3
Comestibles
 d - 5 bread rations
 f - 3 meat rations
 q - 2 royal jellies


   Skills:
 - Level 1.7 Dodging
 - Level 1.7 Stealth
 * Level 5.8 Spellcasting
 * Level 3.3 Conjurations
 - Level 1.0 Summonings
 - Level 0.8 Translocations


You had 6 spell levels left.
You knew the following spells:

 Your Spells              Type           Power        Failure   Level  Hunger
a - Magic Dart            Conj           ###.         2%          1    None
b - Call Imp              Summ           ##......     12%         2    None
c - Blink                 Tloc           N/A          12%         2    None
d - Repel Missiles        Chrm/Air       #.....       17%         2    None
e - Conjure Flame         Conj/Fire      ##......     14%         3    ##.....


Dungeon Overview and Level Annotations

Branches:
Dungeon (5/15)
 Temple: D:4-7

Altars:
Fedhas
Makhleb
Qazlal
Sif Muna
The Shining One


Innate Abilities, Weirdness & Mutations

((You have sharp toenails.))
((You are partially covered in thin metallic scales (AC +2).))
((Your flesh is cold resistant.))
You can steal the life force of nearby defeated enemies.


Message History

Drink which item? (? for menu, Esc to quit)
You feel yourself speed up.
The centaur hits you but does no damage.
The centaur barely misses you.
The hobgoblin hits you but does no damage.
Your shadow imp hits the centaur but does no damage.
You are very lightly contaminated with residual magic.
You hit the hobgoblin but do no damage.
The hobgoblin is poisoned.
The centaur hits you.
* * * LOW HITPOINT WARNING * * *
You barely miss the centaur.
The centaur is lightly wounded.
Your shadow imp closely misses the centaur.
The hobgoblin hits you but does no damage.
The centaur hits you.
* * * LOW HITPOINT WARNING * * *
You completely miss the centaur.
The centaur is lightly wounded.
The centaur hits you.
You die...

... ..# #.# 8..
#.# .?. #.# #
#<# # #.# ...
#.# ###
..#.###5#######
......c♣......#
#.....g.#####.#
........#
###.##### #. #


You could see a centaur, a hobgoblin and a friendly shadow imp.

Vanquished Creatures
  A phantom (D:4)
  A wight (D:3)
  2 iguanas (D:4)
  A worker ant (D:4)
  3 adders
  A gnoll (D:1)
  3 worms
  4 giant geckos
  7 orcs
  3 giant cockroaches
  8 goblins
  9 hobgoblins
  A ball python (D:1)
  7 bats
  5 giant newts
  3 jackals (D:2)
  9 kobolds
  14 rats
82 creatures vanquished.

Vanquished Creatures (collateral kills)
  A wight (D:3)
  3 orcs (D:3)
  A bat (D:3)
5 creatures vanquished.

Vanquished Creatures (others)
  2 iron imps (D:3)
  2 shadow imps
  2 white imps (D:3)
6 creatures vanquished.

Grand Total: 93 creatures vanquished

Notes
Turn   | Place    | Note
--------------------------------------------------------------
     0 | D:1      | Chiseanne the Demonspawn Wizard began the quest for the Orb.
     0 | D:1      | Reached XP level 1. HP: 13/13 MP: 4/4
   201 | D:1      | Gained mutation: You can steal the life force of nearby defeated enemies. [demonic ancestry]
   201 | D:1      | Reached XP level 2. HP: 4/19 MP: 0/6
   948 | D:1      | Learned a level 2 spell: Call Imp
   951 | D:1      | Learned a level 2 spell: Blink
   954 | D:1      | Learned a level 2 spell: Repel Missiles
  1394 | D:2      | Found a blossoming altar of Fedhas.
  1551 | D:2      | Reached skill level 4 in Spellcasting
  1591 | D:2      | Gained mutation: You are partially covered in thin metallic scales (AC +2). [demonic ancestry]
  1591 | D:2      | Reached XP level 3. HP: 24/24 MP: 5/8
  1618 | D:2      | Found a deep blue altar of Sif Muna.
  1957 | D:2      | Found a glowing golden altar of the Shining One.
  2526 | D:2      | Found a stormy altar of Qazlal.
  2917 | D:3      | Learned a level 3 spell: Conjure Flame
  2941 | D:3      | Reached XP level 4. HP: 20/30 MP: 2/10
  3821 | D:3      | Found a burning altar of Makhleb.
  3823 | D:3      | Noticed a green death
  4615 | D:4      | Gained mutation: You have sharp toenails. [demonic ancestry]
  4615 | D:4      | Reached XP level 5. HP: 30/35 MP: 2/12
  4688 | D:4      | Noticed a phantom
  4851 | D:4      | Killed a phantom
  4851 | D:4      | Reached skill level 5 in Spellcasting
  5274 | D:4      | Gained mutation: Your flesh is cold resistant. [demonic ancestry]
  5274 | D:4      | Reached XP level 6. HP: 41/41 MP: 2/14
  5684 | D:5      | Entered Level 5 of the Dungeon
  5717 | D:5      | HP: 1/61 [centaur (4)]
  5718 | D:5      | Slain by a centaur

Vault maps used:
D:1:      dpeg_arrival_circle_labyrinth_c
D:2:      grunt_temple_overflow_forces_of_nature, old_standard_altar,
          nicolae_overflow_hidden_temple, first_bread
D:3:      makhleb_altar_promises_db
D:4:      minmay_ruptured
D:5:      minmay_temple_entry_statues_fountains, uniq_edmund, uniq_menkaure

Action                   |  1- 3 |  4- 6 || total
-------------------------+-------+-------++-------
Melee: Whip              |    22 |    26 ||    48
       Long sword        |     2 |     9 ||    11
 Cast: Magic Dart        |   107 |   113 ||   220
       Repel Missiles    |     1 |     1 ||     2
       Call Imp          |     4 |    19 ||    23
       Blink             |       |     1 ||     1
  Use: Scroll            |     6 |     4 ||    10
       Potion            |       |     2 ||     2
  Eat: Chunk             |     6 |     8 ||    14
